 Dungeon Crawl Stone Soup version 0.20.0-7-g3b7b877 (webtiles) character file.

86 fanaticazov the Skirmisher (level 4, -2/42 HPs)
             Began as a Naga Chaos Knight on May 29, 2017.
             Slain by an adder (5 damage)
             ... on level 2 of the Dungeon.
             The game lasted 00:12:28 (805 turns).

fanaticazov the Skirmisher (Naga Chaos Knight)       Turns: 805, Time: 00:12:29

Health: -2/42      AC:  5    Str: 15    XL:     4   Next: 50%
Magic:  4/4        EV:  9    Int: 13    God:    Xom [..*...]
Gold:   62         SH:  0    Dex: 10    Spells: 3/3 levels left

rFire    . . .     SeeInvis +   a - +0 falchion (chaos)
rCold    . . .     Gourm    .   (no shield)
rNeg     . . .     Faith    .   b - +2 leather armour
rPois    +         Spirit   .   (no helmet)
rElec    .         Reflect  .   o - scarf {cloud immunity}
rCorr    .         Harm     .   (no gloves)
MR       +....                  (no barding)
Stlth    ++........             i - amulet of regeneration
Regen    0.6/turn               (no ring)
MPRegen  0.1/turn               (no ring)

@: lethally poisoned (-2 -> -2), very slow
A: see invisible, blink, deformed body, magic resistance 1, poison resistance,
slowness 2, slow metabolism 1, spit poison 1, AC +1
a: Spit Poison, Blink, Renounce Religion


You were on level 2 of the Dungeon.
You worshipped Xom.
You were a toy of Xom.
You were not hungry.

You visited 1 branch of the dungeon, and saw 2 of its levels.

You collected 62 gold pieces.

Inventory:

Hand Weapons
 a - a +0 falchion of chaos (weapon)
 n - a +4 trident of venom
Armour
 b - a +2 leather armour (worn)
 j - +0 ice dragon scales
 m - a +0 cloak
 o - a scarf of cloud immunity (worn)
Jewellery
 i - an amulet of regeneration (around neck)
Scrolls
 d - a scroll of magic mapping {unknown}
 e - 6 scrolls of identify {unknown}
 f - a scroll of fear {unknown}
 g - 4 scrolls of amnesia {unknown}
 h - a scroll of teleportation {unknown}
 l - a scroll of random uselessness {unknown}
Comestibles
 c - 2 bread rations


   Skills:
 + Level 3.5 Fighting
 + Level 3.5 Long Blades
 + Level 2.2 Armour
 + Level 1.3 Dodging
 + Level 2.5 Stealth


You had 3 spell levels left.
You didn't know any spells.

Dungeon Overview and Level Annotations

Branches:
Dungeon (2/15)

Altars:


Innate Abilities, Weirdness & Mutations

You cannot wear boots.
Your serpentine skin is tough. (AC +1)
You have supernaturally acute eyesight. (SInv)
Armour fits poorly on your strangely shaped body.
Your system is resistant to poisons. (rPois)
You cover ground very slowly.
You have a slow metabolism.
You can spit poison.
You can translocate small distances at will.
You are resistant to hostile enchantments. (MR+)


Message History

The hobgoblin is severely wounded.
You feel sick.
The adder is no longer berserk.
The adder bites you.
* * * LOW HITPOINT WARNING * * *
The adder bites you but does no damage.
You barely miss the adder.
The adder is heavily wounded.
The adder bites you.
* * * LOW HITPOINT WARNING * * *
You miss the adder.
The adder is heavily wounded.
The adder barely misses you.
You riposte.
You closely miss the adder.
The adder is heavily wounded.
You closely miss the adder.
The adder is heavily wounded.
You feel sick.
The hobgoblin seems less confused.
The adder bites you.
* * * LOW HITPOINT WARNING * * *
You hit the adder. You freeze the adder.
The adder is almost dead.
The adder bites you.
You die...

##.#.....)...### #
#...........)..
....######
##..#######.###
#......>## #..# #..##
##....>..###..########...
#.####...............###
# #.g.....#######.###
##S..##.# #..##
###@#.##.# ##...
#...#.##.## #....
#..###..#..# ####)...
#...# ##....###.......
#...# #####...#.##.##.
###. #............##. #
#...###.#.#.######
##.#..### #.#...## #
....# #.##...# #


You could see an adder and a hobgoblin.

Vanquished Creatures
  Crazy Yiuf (D:2)
  Terence (D:2)
  An adder (D:2)
  2 leopard geckos (D:1)
  2 giant cockroaches (D:2)
  5 goblins
  3 hobgoblins (D:1)
  4 kobolds (D:1)
  3 rats
22 creatures vanquished.

Notes
Turn   | Place    | Note
-------+----------+-------------------------------------------
     0 | D:1      | fanaticazov the Naga Chaos Knight began the quest for the Orb.
     0 | D:1      | Reached XP level 1. HP: 21/21 MP: 1/1
    58 | D:1      | Reached XP level 2. HP: 28/28 MP: 2/2
   232 | D:1      | Reached skill level 1 in Stealth
   518 | D:2      | Noticed Terence
   524 | D:2      | Killed Terence
   524 | D:2      | Reached skill level 1 in Dodging
   524 | D:2      | Reached XP level 3. HP: 16/34 MP: 3/3
   579 | D:2      | Found a runed door.
   583 | D:2      | Noticed Crazy Yiuf
   587 | D:2      | Gained mutation: You are resistant to hostile enchantments. (MR+) [potion of mutation]
   587 | D:2      | Gained mutation: You can translocate small distances at will. [potion of mutation]
   594 | D:2      | Killed Crazy Yiuf
   594 | D:2      | Reached XP level 4. HP: 9/42 MP: 4/4
   664 | D:2      | XOM: divination: detect items
   805 | D:2      | Slain by an adder

Skill      XL: |  1  2 |
---------------+-------+-----
Stealth        | 2 |  2.5
Armour         | 2 |  2.2
Dodging        | 1 |  1.3
Fighting       | |  3.5
Long Blades    | |  3.5

Action                   |  1- 3 |  4- 6 || total
-------------------------+-------+-------++-------
Melee: Falchion          |    63 |    22 ||    85
       Trident           |     1 |       ||     1
 Abil: Spit Poison       |     3 |       ||     3
       Blink             |     1 |     3 ||     4
  Use: Potion            |     1 |     1 ||     2
 Stab: Confused          |     1 |       ||     1
       Invisible         |     1 |       ||     1
       Sleeping          |       |     1 ||     1
Armor: Leather armour    |    21 |    10 ||    31
Dodge: Dodged            |    31 |    24 ||    55
       Rpst.: Falchion   |     8 |     8 ||    16
